 Dungeon Crawl Stone Soup version 0.30-a0-772-g5528072125 (webtiles) character file.

Game seed: 4337343515055270278

61 tio the Grave Robber (level 4, 0/30 HPs)
             Began as a Human Necromancer on Feb 12, 2023.
             Was an Initiate of Hepliaklqana.
             Slain by a hobgoblin (3 damage)
             ... led by Robin
             ... on level 4 of the Dungeon.
             The game lasted 00:08:57 (1827 turns).

tio the Grave Robber (Human Necromancer)            Turns: 1827, Time: 00:08:57

Health: 0/30       AC:  2    Str: 11    XL:     4   Next: 27%
Magic:  1/7        EV: 12    Int: 15    God:    Hepliaklqana [......]
Gold:   164        SH:  0    Dex: 13    Spells: 7/8 levels left

rFire   . . .      SeeInvis .    e - +0 short sword
rCold   . . .      Faith    .    (no shield)
rNeg    . . .      Spirit   .    a - +0 robe
rPois   .          Reflect  .    (no helmet)
rElec   .          Harm     .    (no cloak)
rCorr   .          Rampage  .    (no gloves)
Will    .....                    (no boots)
Stlth   ++                       (no amulet)
HPRegen 0.25/turn                (no ring)
MPRegen 0.10/turn                (no ring)

@: no status effects
A: no striking features
a: Renounce Religion


You were on level 4 of the Dungeon.
You worshipped Hepliaklqana.
Hepliaklqana was noncommittal.
You visited 1 branch of the dungeon, and saw 3 of its levels.

You collected 164 gold pieces.

Inventory:

Hand Weapons
 e - a +0 short sword (weapon)
Armour
 a - a +0 robe (worn)
Scrolls
 d - a scroll of magic mapping {unknown}
 g - 2 scrolls of amnesia {unknown}
 i - 3 scrolls of teleportation {unknown}
 j - a scroll of enchant weapon {unknown}
 l - 3 scrolls of poison {unknown}
 m - a scroll of identify {unknown}
Potions
 b - a potion of flight {unknown}
 c - a potion of lignification {unknown}
 f - 2 potions of curing {unknown}
 h - a potion of heal wounds {unknown}
 k - 2 potions of degeneration {unknown}


   Skills:
 + Level 2.0 Dodging
 + Level 2.4 Stealth
 + Level 2.6 Spellcasting
 + Level 4.9 Necromancy


You had 7 spell levels left.
You knew the following spells:

 Your Spells              Type           Power      Damage    Failure   Level
a - Necrotise             Necr           64%        1d7       2%          1

Your spell library contained the following spells:

 Spells                   Type           Power      Damage    Failure   Level
 Vampiric Draining        Necr           16%        2d7       9%          3
 Animate Dead             Necr           16%        N/A       26%         4
 Agony                    Necr           16%        N/A       58%         5


Dungeon Overview and Level Annotations

Branches:
Dungeon (4/15)
 Temple: D:4-7

Altars:
Hepliaklqana
Uskayaw

Annotations:
D:4 Robin


Message History

You hit the hobgoblin but do no damage.
Your goblin skeleton closely misses the hobgoblin.
The goblin barely misses you. The hobgoblin closely misses you.
You hit the hobgoblin but do no damage.
Your goblin skeleton barely misses the hobgoblin.
The goblin hits you but does no damage. The hobgoblin completely misses you.
The goblin barely resists.
Your goblin skeleton hits the hobgoblin.
The goblin hits you with a +0 dagger. The hobgoblin hits you.
You hit the hobgoblin.
The hobgoblin is heavily wounded.
The goblin hits you but does no damage.
Your goblin skeleton barely misses the hobgoblin.
The hobgoblin closely misses you.
You hit the hobgoblin but do no damage.
The hobgoblin is heavily wounded.
The hobgoblin hits you but does no damage.
The goblin hits you with a +0 dagger.
You completely miss the hobgoblin.
The hobgoblin is heavily wounded.
Your goblin skeleton hits the hobgoblin but does no damage.
The goblin hits you but does no damage. The hobgoblin barely misses you.
You closely miss the hobgoblin.
The hobgoblin is heavily wounded.
Your goblin skeleton hits the hobgoblin but does no damage.
The goblin hits you with a +0 dagger.
* * * LOW HITPOINT WARNING * * *
The hobgoblin hits you but does no damage.
You hit the hobgoblin.
The hobgoblin is almost dead.
Your goblin skeleton barely misses the hobgoblin.
The goblin hits you but does no damage. The hobgoblin hits you.
* * * LOW HITPOINT WARNING * * *
You barely miss the hobgoblin.
The hobgoblin is almost dead.
Your goblin skeleton closely misses the hobgoblin.
The goblin hits you with a +0 dagger.
* * * LOW HITPOINT WARNING * * *
The hobgoblin hits you.
You die...

.####..## #≈≈≈≈...≈≈≈≈#
...##..# ≈≈≈≈≈##'''##≈≈≈#
.......# ≈≈≈≈≈#.....#≈≈≈#
###...#≈≈≈..g..#.....#)..#
# ###..≈≈......#.....# Z.#
##.≈≈..## #.....##+##
.≈≈..# #.....#...# .≈≈..#
#.g...#...# .≈≈h.#
#@g)..#...#
.≈≈.h##'##)Z)..##'##
≈.g.#............#
#............#
##########...#
ggg....#...# ggg.g..'...#
.ggg.g.'...# ############


You could see a hobgoblin (ally target), a goblin and a friendly goblin
skeleton.

Vanquished Creatures
  An adder (D:2)
  A dart slug (D:1)
  3 endoplasms
  10 goblins
  4 hobgoblins
  A jackal (D:4)
  9 kobolds
  2 quokkas
  6 ball pythons
  6 frilled lizards
  A rat (D:2)
44 creatures vanquished.

Vanquished Creatures (collateral kills)
  A goblin (D:4)
  A bat (D:2)
2 creatures vanquished.

Grand Total: 46 creatures vanquished

Notes
Turn   | Place    | Note
-------+----------+-------------------------------------------
     0 | D:1      | tio the Human Necromancer began the quest for the Orb.
     0 | D:1      | Reached XP level 1. HP: 13/13 MP: 3/3
   265 | D:1      | Reached XP level 2. HP: 19/19 MP: 0/5
   849 | D:1      | Reached XP level 3. HP: 23/24 MP: 0/6
  1387 | D:2      | Found a hide-covered altar of Uskayaw.
  1613 | D:2      | You fall into a shaft and drop 2 floors!
  1630 | D:4      | Found a hazy altar of Hepliaklqana.
  1655 | D:4      | Became a worshipper of Hepliaklqana the Forgotten
  1720 | D:4      | Noticed a scorpion
  1759 | D:4      | Reached XP level 4. HP: 28/30 MP: 5/7
  1796 | D:4      | Noticed Robin
  1827 | D:4      | Slain by a hobgoblin

Illustrated notes

Levels and vault maps discovered:
D:1:      dpeg_arrival_another_circle, layout_basic,
          minmay_misc_feat_more_columns, chequers_serial_rivers_small_b,
          minmay_box_of_dots
D:2:      minmay_inner_zag, layout_basic, serial_glass, glass_columns_c,
          glass_columns_a, glass_columns_b, glass_columns_b, basic_altar,
          minivault_23, kennysheep_jessica_study
D:4:      kennysheep_goblin_castle, layout_layer_cave, grunt_gozag_statues,
          amcnicky_altar_gilded, temple_green, hangedman_decor_riveting,
          dk_noncrumbling_4, grunt_ministairs_1, uniq_blork_the_orc

Action                     |  1- 3 |  4- 6 || total
---------------------------+-------+-------++-------
  Melee: Unarmed           |     8 |       ||     8
         Short sword       |     9 |    17 ||    26
   Cast: Necrotise         |    60 |    11 ||    71
    Use: Potion            |     1 |       ||     1
 Armour: Robe              |     8 |     8 ||    16
  Dodge: Dodged            |    28 |    24 ||    52

Table legend: (Time is in decaauts)
 A = Elapsed time spent in this place.
 B = Non-inter-level travel time spent in this place.
 C = Inter-level travel time spent in this place.
 D = Time resting spent in this place.
 E = Time spent auto-exploring this place.
 F = Levels seen in this place.
 G = Mean time per level.
                   A        B        C        D        E       F      G
               +--------+--------+--------+--------+--------+-----+--------+
         Total |   1827 |   1673 |    154 |      0 |   1333 |   3 |  609.0 |
       Dungeon |   1827 |   1673 |    154 |      0 |   1333 |   3 |  609.0 |
               +--------+--------+--------+--------+--------+-----+--------+

Top non-repeatable levels by time:
     D:1: 1119 daAuts
     D:2: 493 daAuts
     D:4: 213 daAuts
